 Dungeon Crawl Stone Soup version 0.28.0 (webtiles) character file.

Game seed: 5260695263333245400

1451 browni3141 the Cleaver (level 8, -11/69 HPs)
             Began as a Hill Orc Delver on Feb 6, 2022.
             Mangled by Maggie (12 damage)
             ... on level 6 of the Dungeon.
             The game lasted 00:22:53 (10373 turns).

browni3141 the Cleaver (Hill Orc Delver)           Turns: 10373, Time: 00:22:54

Health: -11/69     AC:  9    Str: 17    XL:     8   Next: 75%
Magic:  8/8        EV:  9    Int: 10    God:
Gold:   249        SH:  8    Dex: 12    Spells: 7/7 levels left

rFire   . . .      SeeInvis .   f - +0 war axe
rCold   + . .      Faith    .   p - +0 kite shield
rNeg    . . .      Spirit   .   r - +0 scale mail
rPois   .          Reflect  .   (no helmet)
rElec   .          Harm     .   (no cloak)
rCorr   .          Rampage  .   q - +0 pair of gloves
Will    .....                   B - +0 pair of boots
Stlth   +.........              (no amulet)
HPRegen 0.21/turn               l - ring of protection from cold
MPRegen 0.11/turn               (no ring)

@: no status effects
A: no striking features
a: no special abilities


You were on level 6 of the Dungeon.
You visited 2 branches of the dungeon, and saw 7 of its levels.

You collected 309 gold pieces.
You spent 60 gold pieces at shops.

Inventory:

Hand Weapons
 a - a +0 hand axe
 f - a +0 war axe (weapon)
Missiles
 d - 9 poisoned darts (quivered)
 h - 115 stones
 n - 4 javelins
 o - 3 boomerangs
 D - 2 throwing nets
Armour
 b - a +0 leather armour
 i - a +0 ring mail
 p - a +0 kite shield (worn)
 q - a +0 pair of gloves (worn)
 r - a +0 scale mail (worn)
 v - a +0 chain mail
 B - a +0 pair of boots (worn)
Jewellery
 l - a ring of protection from cold (left hand)
Wands
 g - a wand of digging (4)
Scrolls
 c - 2 scrolls of fog
 e - a scroll of identify
 j - a scroll of blinking
 k - 5 scrolls of teleportation
 u - a scroll of magic mapping
 y - a scroll of noise
 A - a scroll of holy word
 E - a scroll of enchant weapon
Potions
 m - 2 potions of lignification {unknown}
 s - 2 potions of curing {unknown}
 t - 2 potions of degeneration {unknown}
 w - a potion of flight {unknown}
 x - a potion of haste
 z - a potion of attraction {unknown}
 F - a potion of might {unknown}


   Skills:
 - Level 5.5 Fighting
 * Level 10.2 Axes
 - Level 3.5 Armour
 - Level 3.5 Dodging
 - Level 4.1 Stealth
 - Level 4.0 Shields


You had 7 spell levels left.
You didn't know any spells.
Your spell library contained the following spells:

 Spells                   Type           Power      Damage    Failure   Level
 Ensorcelled Hibernation  Hex/Ice        0%         N/A       99%         2
 Static Discharge         Conj/Air       0%         N/A       99%         2
 Call Canine Familiar     Summ           0%         N/A       100%        3
 Frozen Ramparts          Ice            0%         1d2       100%        3
 Gell's Gravitas          Tloc           0%         N/A       100%        3
 Portal Projectile        Hex/Tloc       0%         N/A       100%        3
 Spider Form              Tmut/Pois      0%         N/A       100%        3
 Teleport Other           Tloc           0%         N/A       100%        3
 Anguish                  Hex/Necr       0%         N/A       100%        4
 Ice Form                 Ice/Tmut       0%         N/A       100%        4
 Leda's Liquefaction      Hex/Erth       0%         N/A       100%        4
 Summon Ice Beast         Ice/Summ       0%         N/A       100%        4
 Lightning Bolt           Conj/Air       0%         1d11      100%        5
 Dispersal                Tloc           0%         N/A       100%        6
 Maxwell's Capacitive Co  Air            0%         ∞         100%        8


Dungeon Overview and Level Annotations

Branches:
Dungeon (6/15)             Temple (1/1) D:5

Altars:
Ashenzari
Cheibriados
Dithmenos
Elyvilon
Fedhas
Gozag
Kikubaaqudgha
Makhleb
Okawaru
Qazlal
Ru
Sif Muna
Trog
Uskayaw
Vehumet
Wu Jian
Xom
Yredelemnul
Zin
The Shining One

Shops:
D:1 ?   D:5 =

Annotations:
D:5 1 runed translucent door, exclusion: downstairs, Crazy Yiuf
D:6 Maggie


Message History

Unknown command.
Unknown command.
Aiming: Iceblast
Press: ? - help, Shift-Dir - straight line The mass of ice explodes!
The iceblast engulfs Maggie!
Maggie is almost dead.
The now-empty wand crumbles to dust.
Maggie casts a spell at you. The bolt of fire hits you.
Unknown command.
You barely miss Maggie.
Maggie is almost dead.
Maggie hits you with a +0 long sword of flaming.
Maggie burns you.
You barely miss Maggie.
Maggie is almost dead.
Maggie casts a spell.
Maggie attempts to bespell you! You resist with almost no effort.
Unknown command.
You barely miss Maggie.
Maggie is almost dead.
Maggie casts a spell at you. The bolt of fire hits you.
Unknown command.
You barely miss Maggie.
Maggie is almost dead.
You block Maggie's attack.
Unknown command.
You closely miss Maggie.
Maggie is almost dead.
Maggie casts a spell at you. The bolt of fire hits you!!
* * * LOW HITPOINT WARNING * * *
Unknown command.
You slash Maggie!
Maggie is almost dead.
Maggie mumbles the words to a spell, but in the wrong order.
You block Maggie's attack.
Maggie hits you with a +0 long sword of flaming!
You die...

.. ## #. . .. .. .#
.##. .#.. ....###.#.
# #.#......##.#
#.#...#.....#
#..##@#...#
#.....@##.#
###.#.....# ##.###
#.#...### ......
#..##..# #....##
#......# #
#....>####.##..#
..###..[##........##
##..###.....#######
............#


You could see Maggie.

Vanquished Creatures
  Edmund (D:5)
  A necrophage (D:5)
  2 ogres
  A gnoll sergeant (D:5)
  A scorpion (D:5)
  A water moccasin skeleton (D:4)
  A jelly (D:4)
  4 gnoll shamans
  6 hounds (D:5)
  A bullfrog skeleton (D:4)
  Jessica (D:2)
  Ijyb (D:3)
  Terence (D:2)
  2 orc wizards
  A scorpion zombie (D:5)
  A hound skeleton (D:4)
  9 adders
  20 gnolls
  A shadow imp (D:5)
  An adder skeleton (D:4)
  A dart slug (D:1)
  17 orcs
  6 ball pythons
  8 endoplasms
  2 giant cockroaches (D:1)
  4 goblins
  3 hobgoblins (D:3)
  5 jackals (D:5)
  6 quokkas
  4 bats
  4 frilled lizards
  9 kobolds
  A quokka skeleton (D:4)
  7 rats
134 creatures vanquished.

Notes
Turn   | Place    | Note
-------+----------+-------------------------------------------
     0 | D:5      | browni3141 the Hill Orc Delver began the quest for the Orb.
     0 | D:5      | Reached XP level 1. HP: 19/19 MP: 1/1
     7 | D:6      | Noticed a hound
    17 | D:5      | Noticed a gnoll sergeant
    34 | D:5      | Noticed a hound
   950 | D:5      | Reached XP level 2. HP: 28/28 MP: 2/2
   960 | D:4      | Noticed an ogre
  1030 | D:4      | Reached skill level 5 in Fighting
  1030 | D:4      | Reached XP level 3. HP: 27/36 MP: 3/3
  2023 | D:4      | Reached skill level 3 in Axes
  2178 | D:3      | Noticed Ijyb
  2336 | D:3      | Killed Ijyb
  2337 | D:3      | Reached XP level 4. HP: 16/42 MP: 4/4
  2775 | D:1      | Found Iffuill's Magic Scroll Boutique.
  2788 | D:1      | Reached skill level 4 in Axes
  2789 | D:1      | Bought a scroll of identify for 22 gold pieces
  2789 | D:1      | Bought a scroll of fear for 38 gold pieces
  3726 | D:2      | Noticed Terence
  3779 | D:2      | Found a bloodstained altar of Trog.
  3925 | D:2      | Noticed Jessica
  3926 | D:2      | Killed Jessica
  3927 | D:2      | Reached skill level 5 in Axes
  3927 | D:2      | Reached skill level 1 in Shields
  3927 | D:2      | Reached XP level 5. HP: 48/48 MP: 5/5
  4438 | D:2      | Killed Terence
  4930 | D:3      | Found a bloodstained altar of Trog.
  4930 | D:3      | Found a snail-covered altar of Cheibriados.
  5308 | D:3      | Reached XP level 6. HP: 43/51 MP: 6/6
  5893 | D:5      | Noticed Edmund
  6280 | D:4      | Found a radiant altar of Vehumet.
  6311 | D:4      | Found a shimmering altar of Xom.
  6701 | D:4      | Reached XP level 7. HP: 61/61 MP: 7/7
  7865 | D:5      | Killed Edmund
  7866 | D:5      | Reached skill level 6 in Axes
  7866 | D:5      | Reached XP level 8. HP: 19/65 MP: 8/8
  8134 | D:5      | Reached skill level 7 in Axes
  8557 | D:5      | Reached skill level 8 in Axes
  8580 | D:5      | Found Suarph's Jewellery Shop.
  8723 | D:5      | Found a staircase to the Ecumenical Temple.
  9027 | D:5      | Found a runed translucent door.
  9028 | D:5      | Noticed Crazy Yiuf
  9123 | D:5      | Reached skill level 9 in Axes
  9286 | Temple   | Entered the Ecumenical Temple
 10023 | D:5      | Reached skill level 10 in Axes
 10361 | D:6      | Noticed Maggie
 10372 | D:6      | HP: 1/69 [Maggie/bolt of fire (21)]
 10373 | D:6      | Mangled by Maggie

Illustrated notes

Levels and vault maps discovered:
D:1:      lightli_arrival_chessboard, layout_rooms, serial_shops, shop,
          serial_bayou_pond_d, chequers_decorated_corner, kennysheep_crisscross,
          minmay_octomino_c4
D:2:      layout_loops_ring, basic_altar, uniq_terence, uniq_jessica
D:3:      layout_basic, gammafunk_temple_overflow_pools, minmay_joined_circles,
          uniq_ijyb
D:4:      layout_basic, mainiacjoe_overflow_two_lobes, kennysheep_generic_room_7
D:5:      layout_cave_pools, minmay_temple_entry_arrows, serial_gnoll_camp,
          gnoll_camp_mini_shop, gnoll_camp_mini_house, gnoll_camp_huts_basic,
          gnoll_camp_mini_house, gnoll_camp_mini_doghouse, uniq_edmund,
          uniq_crazy_yiuf_cottage
D:6:      layout_cave_pools, hangedman_decor_points, uniq_maggie, uniq_eustachio
Temple:   lightli_temple_of_artemis

Skill      XL: |  1  2  3  4  5  6  7  8 |
---------------+-------------------------+-----
Fighting       | 4 5 |  5.5
Axes           | 3 5 6 10 | 10.2
Shields        | 1 3 4 |  4.0
Armour         | 3 |  3.5
Dodging        | 3 |  3.5
Stealth        | |  4.1

Action                   |  1- 3 |  4- 6 |  7- 9 || total
-------------------------+-------+-------+-------++-------
Melee: Hand axe          |    47 |       |       ||    47
       War axe           |    26 |   198 |   275 ||   499
       Punch             |     1 |     1 |       ||     2
Throw: Stone             |     2 |     5 |     3 ||    10
       Dart              |       |       |    16 ||    16
       Throwing net      |       |       |     1 ||     1
Evoke: Wand              |     1 |     6 |     8 ||    15
  Use: Scroll            |     1 |     2 |     7 ||    10
       Potion            |     1 |       |       ||     1
 Stab: Sleeping          |     1 |     2 |       ||     3
Armor: Leather armour    |     5 |       |       ||     5
       Ring mail         |     4 |    37 |       ||    41
       Scale mail        |       |    38 |    89 ||   127
Dodge: Dodged            |    43 |    75 |   107 ||   225
Block: Kite shield       |       |    45 |   152 ||   197
